 Dungeon Crawl Stone Soup version 0.20.0-7-g3b7b877 (webtiles) character file.

744 tizzy the Chopper (level 7, -8/52 HPs)
             Began as a Demonspawn Fighter on May 29, 2017.
             Mangled by an ice beast (14 damage)
             ... on level 5 of the Dungeon.
             The game lasted 00:04:54 (3433 turns).

tizzy the Chopper (Demonspawn Fighter)              Turns: 3433, Time: 00:04:54

Health: -8/52      AC:  5    Str: 18    XL:     7   Next: 47%
Magic:  7/7        EV:  8    Int: 10    God:
Gold:   168        SH:  9    Dex: 14    Spells: 6/6 levels left

rFire    . . .     SeeInvis .   a - +0 war axe
rCold    . . .     Gourm    .   c - +0 shield
rNeg     . . .     Faith    .   d - +0 troll leather armour {Purgy}
rPois    .         Spirit   .   (no helmet)
rElec    .         Reflect  .   o - +0 cloak
rCorr    .         Harm     .   (no gloves)
MR       .....                  (no boots)
Stlth    +++.......             (no amulet)
Regen    0.6/turn               (no ring)
MPRegen  0.1/turn               (no ring)

@: no status effects
A: claws 1, thin skeletal structure 1, nightstalker 1
a: no special abilities


You were on level 5 of the Dungeon.
You were not hungry.

You visited 1 branch of the dungeon, and saw 5 of its levels.

You collected 168 gold pieces.

Inventory:

Hand Weapons
 a - a +0 war axe (weapon)
Armour
 b - a +0 scale mail
 c - a +0 shield (worn)
 d - a +0 troll leather armour (worn) {Purgy}
 o - a +0 cloak (worn)
Wands
 w - a wand of random effects (13/48)
Scrolls
 e - 3 scrolls of identify {unknown}
 g - 5 scrolls of enchant armour {unknown}
 i - 2 scrolls of teleportation {unknown}
 k - 3 scrolls of magic mapping {unknown}
 l - 2 scrolls of immolation {unknown}
 p - a scroll of recharging {unknown}
Potions
 h - 2 potions of heal wounds {unknown}
 j - 3 potions of lignification
 m - 2 potions of flight
 q - a potion of haste {unknown}
 s - a potion of might
 t - a potion of ambrosia {unknown}
 u - a potion of brilliance {unknown}
 v - a potion of resistance {unknown}
Comestibles
 f - 3 bread rations
 n - 3 meat rations
 r - a royal jelly
 x - 2 chunks of flesh


   Skills:
 - Level 3.0 Fighting
 * Level 7.8 Axes
 - Level 2.6 Armour
 - Level 2.6 Shields


You had 6 spell levels left.
You didn't know any spells.

Dungeon Overview and Level Annotations

Branches:
Dungeon (5/15)
 Temple: D:4-7

Altars:


Innate Abilities, Weirdness & Mutations

You have sharp fingernails.
You have a somewhat thin skeletal structure. (Dex +2, Stealth)
You are slightly more attuned to the shadows.


Message History

You block the ice beast's attack.
You slash the ice beast!
The ice beast is heavily wounded.
The ice beast hits you. The ice beast freezes you!
You slash the ice beast!
The ice beast is almost dead.
The ice beast hits you. The ice beast freezes you.
You are too injured to fight recklessly!
You are too injured to fight recklessly!
You are too injured to fight recklessly!
You barely miss the ice beast.
The ice beast is almost dead.
The ice beast hits you. The ice beast freezes you!
* * * LOW HITPOINT WARNING * * *
You closely miss the ice beast.
The ice beast is almost dead.
The ice beast hits you.
* * * LOW HITPOINT WARNING * * *
The ice beast freezes you!
You die...

#.# #.# . #)### #.
#...###.# ###
##...#...#######
..##...............
#.#............####
#Y##.....####.##
#.@..>..## #...#
#..###.## #.†.#
...... .# #>..#
#####.#. .# #...#
....# #<..# ### .
#...# #. .......
.........
..........


You could see an ice beast.

Vanquished Creatures
  Menkaure (D:4)
  Purgy (D:3)
  A phantom (D:3)
  2 ogres (D:4)
  A scorpion (D:4)
  Crazy Yiuf (D:2)
  An orc priest (D:4)
  A hound (D:4)
  An orc wizard (D:4)
  3 gnolls (D:4)
  2 adders
  An ooze (D:1)
  A worm (D:5)
  4 dart slugs
  A leopard gecko (D:3)
  5 orcs
  4 giant cockroaches
  5 goblins
  7 hobgoblins
  2 jackals (D:4)
  2 kobolds (D:1)
  A quokka (D:3)
  A ball python skeleton (D:4)
  6 bats
  4 frilled lizards
  10 rats
69 creatures vanquished.

Notes
Turn   | Place    | Note
-------+----------+-------------------------------------------
     0 | D:1      | tizzy the Demonspawn Fighter began the quest for the Orb.
     0 | D:1      | Reached XP level 1. HP: 18/18 MP: 1/1
   140 | D:1      | Reached skill level 2 in Axes
   331 | D:1      | Gained mutation: You have sharp fingernails. [demonic ancestry]
   331 | D:1      | Reached XP level 2. HP: 24/24 MP: 2/2
   689 | D:1      | Reached skill level 3 in Axes
   882 | D:2      | Reached XP level 3. HP: 16/29 MP: 3/3
  1497 | D:2      | Found a runed door.
  1756 | D:2      | Noticed Crazy Yiuf
  1761 | D:2      | Killed Crazy Yiuf
  1761 | D:2      | Reached skill level 4 in Axes
  1761 | D:2      | Reached XP level 4. HP: 24/35 MP: 4/4
  1988 | D:3      | Noticed Purgy
  1992 | D:3      | Killed Purgy
  1992 | D:3      | Reached skill level 5 in Axes
  1992 | D:3      | Reached XP level 5. HP: 37/41 MP: 5/5
  2069 | D:3      | Noticed a phantom
  2089 | D:3      | Killed a phantom
  2296 | D:3      | Gained mutation: You are slightly more attuned to the shadows. [demonic ancestry]
  2296 | D:3      | Reached XP level 6. HP: 46/47 MP: 6/6
  2720 | D:4      | Reached skill level 6 in Axes
  2955 | D:4      | Reached skill level 7 in Axes
  2955 | D:4      | Gained mutation: You have a somewhat thin skeletal structure. (Dex +2, Stealth) [demonic ancestry]
  2955 | D:4      | Reached XP level 7. HP: 39/52 MP: 7/7
  2974 | D:4      | Noticed Menkaure
  2983 | D:4      | Killed Menkaure
  3346 | D:5      | Entered Level 5 of the Dungeon
  3433 | D:5      | Mangled by an ice beast

Skill      XL: |  1  2  3  4  5  6 |
---------------+-------------------+-----
Axes           | 2 3 4 5 7 |  7.8
Fighting       | |  3.0
Armour         | |  2.6
Shields        | |  2.6

Action                   |  1- 3 |  4- 6 |  7- 9 || total
-------------------------+-------+-------+-------++-------
Melee: War axe           |   102 |   126 |    32 ||   260
  Use: Potion            |       |     1 |     2 ||     3
 Stab: Distracted        |       |     1 |     1 ||     2
       Sleeping          |       |       |     1 ||     1
  Eat: Chunk             |     3 |     3 |     2 ||     8
Armor: Scale mail        |    52 |     6 |       ||    58
       Troll leather arm |       |    21 |     7 ||    28
       Skin              |       |       |     3 ||     3
Dodge: Dodged            |    25 |    33 |     6 ||    64
Block: Shield            |    44 |    57 |     7 ||   108
